 Dungeon Crawl Stone Soup version 0.19.0-11-g3fc08b3 (webtiles) character file.

123 MovingMist the Skirmisher (level 5, 0/33 HPs)
             Began as a Gargoyle Fighter on Nov 10, 2016.
             Slain by a gnoll
             ... wielding a +0 spear
              (3 damage)
             ... on level 3 of the Dungeon.
             The game lasted 00:04:57 (1502 turns).

MovingMist the Skirmisher (Gargoyle Fighter)        Turns: 1502, Time: 00:04:57

Health: 0/33       AC: 10    Str: 24    XL:     5   Next: 7%
Magic:  5/5        EV:  8    Int:  9    God:
Gold:   70         SH:  9    Dex: 10    Spells: 0 memorised, 4 levels left

rFire  + . .     SeeInvis .     a - +0 flail
rCold  + . .     Gourm    .     b - +0 scale mail
rNeg   + . .     Faith    .     c - +0 shield
rPois  ∞         Spirit   .     (no helmet)
rElec  +         Reflect  .     (no cloak)
rCorr  +         Harm     .     (no gloves)
MR     .....                    (no boots)
Stlth  ..........               (no amulet)
                                (no ring)
                                (no ring)

@: mighty, resistant, very slightly contaminated, hasted, very quick
A: negative energy resistance 1, electricity resistance, unbreathing,
petrification resistance, rot immunity, AC +4
a: no special abilities


You were on level 3 of the Dungeon.
You were not hungry.

You visited 1 branch of the dungeon, and saw 3 of its levels.

You collected 70 gold pieces.

Inventory:

Hand Weapons
 a - a +0 flail (weapon)
Armour
 b - a +0 scale mail (worn)
 c - a +0 shield (worn)
Scrolls
 e - 2 scrolls of enchant weapon {unknown}
 g - a scroll of magic mapping {unknown}
 h - 2 scrolls of recharging {unknown}
 i - 2 scrolls of teleportation {unknown}
 m - a scroll of immolation {unknown}
 n - a scroll of noise {unknown}
 o - a scroll of remove curse {unknown}
Potions
 j - a potion of haste
 l - a potion of ambrosia {unknown}
 s - a potion of magic {unknown}
Comestibles
 f - a bread ration
 p - a beef jerky
 q - 2 fruits
 r - a chunk of flesh


   Skills:
 + Level 4.0 Fighting
 + Level 3.0 Maces & Flails
 - Level 3.2 Armour
 * Level 2.2 Dodging
 + Level 3.8 Shields


You had 4 spell levels left.
You didn't know any spells.

Dungeon Overview and Level Annotations

Branches:
Dungeon (3/15)

Altars:


Innate Abilities, Weirdness & Mutations

You are resistant to torment.
Your stone body is resilient. (AC +4)
You are immune to poison.
You resist negative energy. (rN+)
You are resistant to electric shocks. (rElec)
You can survive without breathing.
You are immune to petrification.
You are immune to rotting.


Message History

It was a potion of haste.
You feel yourself speed up. The orc completely misses you.
The orc hits you but does no damage. You block the gnoll's attack.
You are very lightly contaminated with residual magic.
It was a potion of resistance.
You feel protected. The orc hits you with a mace.
* * * LOW HITPOINT WARNING * * *
You block the orc's attack. You block the gnoll's attack.
The orc hits you but does no damage.
You are too injured to fight recklessly!
You are too injured to fight recklessly!
Your shield prevents you from hitting the orc.
The orc barely misses you. The gnoll hits you but does no damage.
You block the orc's attack.
You closely miss the orc. You block the orc's attack.
The orc hits you with a mace.
* * * LOW HITPOINT WARNING * * *
The gnoll hits you from afar with a spear.
You die...

###########
#ogo......#
#ooK......#
#@oog.....#
###go.....#
#.......# #.......#
o #.......# .g.
####.......##...o.
...........'...o..
...........##o#####
..........## #....


You could see 2 gnolls, 7 orcs, a goblin and a kobold.

Vanquished Creatures
  Jessica (D:2)
  5 adders
  A worm (D:2)
  3 dart slugs
  A leopard gecko (D:2)
  An orc (D:3)
  5 bats
  2 giant cockroaches (D:1)
  4 goblins
  4 hobgoblins
  9 kobolds
  A ball python (D:2)
  4 frilled lizards
  5 rats
46 creatures vanquished.

Notes
Turn   | Place    | Note
-------+----------+-------------------------------------------
     0 | D:1      | MovingMist the Gargoyle Fighter began the quest for the Orb.
     0 | D:1      | Reached XP level 1. HP: 14/14 MP: 1/1
   137 | D:1      | Reached XP level 2. HP: 19/19 MP: 2/2
   212 | D:1      | Reached skill level 1 in Dodging
   524 | D:2      | Reached XP level 3. HP: 22/23 MP: 3/3
   664 | D:2      | Noticed Jessica
   671 | D:2      | Killed Jessica
   671 | D:2      | Reached XP level 4. HP: 25/29 MP: 4/4
  1271 | D:2      | Reached skill level 4 in Fighting
  1495 | D:3      | Reached XP level 5. HP: 24/33 MP: 5/5
  1502 | D:3      | Slain by a gnoll

Skill      XL: |  1  2  3  4 |
---------------+-------------+-----
Dodging        | 1 2 |  2.2
Fighting       | 4 |  4.0
Maces & Flails | 3 |  3.0
Armour         | |  3.2
Shields        | |  3.8

Action                   |  1- 3 |  4- 6 || total
-------------------------+-------+-------++-------
Melee: Flail             |   103 |   103 ||   206
  Use: Potion            |       |     3 ||     3
  Eat: Chunk             |       |     2 ||     2
Armor: Scale mail        |    63 |    72 ||   135
Dodge: Dodged            |    22 |    69 ||    91
Block: Shield            |    70 |    81 ||   151
